 Dungeon Crawl Stone Soup version 0.23-a0-241-g3b46b076a4 (webtiles) character file.

1121 PikkenKukken the Martial Artist (level 8, 0/54 HPs)
             Began as a Merfolk Transmuter on Sept 28, 2018.
             Killed from afar by an orc warrior (11 damage)
             ... with a wand of flame (16)
             ... on level 5 of the Dungeon.
             The game lasted 00:20:59 (7231 turns).

PikkenKukken the Martial Artist (MfTm)              Turns: 7231, Time: 00:20:59

Health: 0/54       AC:  5    Str: 10    XL:     8   Next: 34%
Magic:  6/11       EV: 13    Int: 14    God:
Gold:   153        SH:  0    Dex: 15    Spells: 4/11 levels left

rFire    . . .     SeeInvis .     - Unarmed
rCold    . . .     Gourm    .   (no shield)
rNeg     . . .     Faith    .   b - +0 robe
rPois    .         Spirit   .   (no helmet)
rElec    .         Reflect  .   p - +1 cloak
rCorr    +         Harm     .   n - +0 pair of gloves
MR       .....                  (no boots)
Stlth    ..........             (no amulet)
HPRegen  0.18/turn              r - ring of resist corrosion
MPRegen  0.12/turn              v - ring of attention

@: appendage (expiring)
A: change form in water, swift swim, stealthy swim, horns 2
a: End Transformation


You were on level 5 of the Dungeon.
You were not hungry.
You had grown temporary horns.
You visited 1 branch of the dungeon, and saw 5 of its levels.

You collected 233 gold pieces.
You spent 80 gold pieces at shops.

Inventory:

Missiles
 a - an arrow
Armour
 b - a +0 robe (worn)
 k - a +0 helmet
 n - a +0 pair of gloves (worn)
 p - a +1 cloak (worn)
 u - the +6 chain mail of the Fife {*Corrode Int+7 Stlth+}
   (You found it on level 4 of the Dungeon)

   It affects your intelligence (+7).
   It may corrode you when you take damage.
   It makes you more stealthy.
Jewellery
 h - an uncursed ring of positive energy
 i - an uncursed ring of see invisible
 r - a ring of resist corrosion (left hand)
 v - a ring of attention (right hand)
Wands
 c - a wand of digging (11)
Scrolls
 g - 4 scrolls of fear
 l - 3 scrolls of remove curse
 t - 5 scrolls of identify
Potions
 e - a potion of curing
 f - 2 potions of magic
 j - a potion of might
 m - a potion of berserk rage
 o - a potion of mutation
Comestibles
 d - 12 rations


   Skills:
 - Level 1.1 Fighting
 - Level 2.6 Dodging
 * Level 9.5 Unarmed Combat
 - Level 2.0 Spellcasting
 + Level 7.1 Transmutations


You had 4 spell levels left.
You knew the following spells:

 Your Spells              Type           Power        Failure   Level  Hunger
a - Beastly Appendage     Tmut           ###...       1%          1    ##.....
b - Sticks to Snakes      Tmut           ###.....     1%          2    ###....
c - Ice Form              Ice/Tmut       ##......     47%         4    #####..

Your spell library contained the following spells:

 Spells                   Type           Power        Failure   Level  Hunger
 Spider Form              Tmut/Pois      ##........   16%         3    ####...
 Blade Hands              Tmut           ###.......   34%         5    ######.


Dungeon Overview and Level Annotations

Branches:
Dungeon (5/15)
 Temple: D:4-7

Altars:
Cheibriados
Dithmenos
Elyvilon
Fedhas
Kikubaaqudgha
Makhleb
Qazlal
Ru

Shops:
D:4 ?

Annotations:
D:5 1 runed door, Eustachio; feta's ghost, amateur OpTm


Innate Abilities, Weirdness & Mutations

You revert to your normal form in water.
You are very nimble and swift while swimming.
You are very stealthy in the water. (Stealth+)
You have a pair of horns on your head.


Message History

You hit the gnoll sergeant but do no damage.
The gnoll sergeant is almost dead.
Your adder barely misses the orc warrior.
The gnoll sergeant hits you with a trident.
Unknown command.
You punch the gnoll sergeant!
You kill the gnoll sergeant!
The orc warrior hits your adder with a great sword!
Your adder dies!
The orc warrior hits you with a great sword!!
Unknown command.
The orc warrior zaps a wand.
The puff of flame hits you!
* * * LOW HITPOINT WARNING * * *
Your magical contamination has completely faded away.
The orc warrior zaps a wand.
The puff of flame hits you!
* * * LOW HITPOINT WARNING * * *
The bullfrog croaks.
Your transformation is almost over.
The orc warrior zaps a wand.
The puff of flame hits you!
You die...

...[####..####.#.... ... .....
....[..)........#..## #.###.....
......)).........#..####.##......
....#..#..##..........##.........
......###....#...###.............
....### ##.....>.........#......z
##########..........#.#.## #.z.
#.....##..........#...## ...
#.............@...##...##.#
#.....##...........o...#).#
#.######...........##.#..#
###.#####............##.#o##
....##....######.#+#.##.#.#
....#..#### ###S####o#.# ...##.##
##S## #...# ......# #F# #..##
...#### #W# ####


You could see an orc warrior, a bullfrog and 2 adders.

Vanquished Creatures
  An orc warrior (D:5)
  An ogre (D:4)
  3 phantoms
  A centaur (D:4)
  A gnoll sergeant (D:5)
  3 scorpions
  A jelly (D:5)
  4 orc wizards
  2 orc priests (D:5)
  An iguana (D:4)
  4 worker ants
  4 adders
  2 oozes
  3 dart slugs
  2 leopard geckos (D:4)
  5 orcs
  9 bats
  A giant cockroach (D:3)
  8 goblins
  8 hobgoblins
  8 jackals
  2 kobolds
  2 quokkas (D:2)
  A ball python (D:1)
  6 frilled lizards
  A leopard gecko skeleton (D:5)
  2 rats
86 creatures vanquished.

Vanquished Creatures (collateral kills)
  An ogre (D:4)
  An iguana (D:4)
  An adder (D:2)
  An adder skeleton (D:4)
  2 worms (D:2)
  A leopard gecko (D:3)
  An orc (D:5)
  A jackal (D:3)
  2 bats
  A kobold (D:3)
  A rat (D:3)
13 creatures vanquished.

Grand Total: 99 creatures vanquished

Notes
Turn   | Place    | Note
-------+----------+-------------------------------------------
     0 | D:1      | PikkenKukken the Merfolk Transmuter began the quest for the
                  | Orb.
     0 | D:1      | Reached XP level 1. HP: 15/15 MP: 3/3
   278 | D:1      | Reached XP level 2. HP: 19/21 MP: 3/5
   296 | D:1      | Learned a level 2 spell: Sticks to Snakes
   867 | D:2      | Reached XP level 3. HP: 21/26 MP: 0/6
  1339 | D:2      | Found a stormy altar of Qazlal.
  1355 | D:2      | Reached skill level 4 in Unarmed Combat
  1576 | D:2      | Reached XP level 4. HP: 17/32 MP: 7/7
  2535 | D:3      | Reached skill level 5 in Unarmed Combat
  2725 | D:3      | Found a burning altar of Makhleb.
  2725 | D:3      | Noticed a blizzard demon
  2728 | D:3      | Noticed a hellwing
  2728 | D:3      | Noticed a hellwing
  2828 | D:3      | Reached XP level 5. HP: 37/37 MP: 2/8
  3338 | D:4      | Noticed a phantom
  3514 | D:3      | Killed a phantom
  3514 | D:3      | Reached skill level 6 in Unarmed Combat
  3514 | D:3      | Reached XP level 6. HP: 11/43 MP: 6/9
  3963 | D:3      | Reached skill level 7 in Unarmed Combat
  4054 | D:3      | Learned a level 4 spell: Ice Form
  4159 | D:4      | Found an ancient bone altar of Kikubaaqudgha.
  4232 | D:4      | Found a shadowy altar of Dithmenos.
  4361 | D:4      | Found a sacrificial altar of Ru.
  4461 | D:4      | Got a twisted chain mail
  4472 | D:4      | Identified the +6 chain mail of the Fife {*Corrode Int+7
                  | Stlth+} (You found it on level 4 of the Dungeon)
  4525 | D:4      | Found a snail-covered altar of Cheibriados.
  4816 | D:4      | Reached skill level 5 in Transmutations
  4849 | D:4      | Found a white marble altar of Elyvilon.
  4864 | D:4      | Found Hagre's Magic Scroll Shoppe.
  4869 | D:4      | Bought 2 scrolls of identify for 40 gold pieces
  4869 | D:4      | Bought a scroll of identify for 20 gold pieces
  4869 | D:4      | Bought a scroll of identify for 20 gold pieces
  4968 | D:5      | Entered Level 5 of the Dungeon
  4968 | D:5      | Found a shadowy altar of Dithmenos.
  4973 | D:5      | Noticed a phantom
  4993 | D:4      | Reached XP level 7. HP: 40/48 MP: 4/10
  5375 | D:4      | Reached skill level 8 in Unarmed Combat
  5952 | D:4      | HP: 1/48 [centaur/arrow (7)]
  6226 | D:4      | Reached XP level 8. HP: 27/54 MP: 6/11
  6395 | D:5      | Reached skill level 9 in Unarmed Combat
  6692 | D:5      | Found a runed door.
  6698 | D:5      | Noticed feta's ghost (amateur OpTm)
  6917 | D:5      | Found a blossoming altar of Fedhas.
  7057 | D:5      | Noticed Eustachio
  7231 | D:5      | Killed from afar by an orc warrior

Vault maps used:
D:1:      scummos_arrival_forest, serial_forest, infiniplex_forest_zigzag_2,
          infiniplex_forest_clump_tiny, infiniplex_forest_clump_small,
          infiniplex_forest_lined_room_3, infiniplex_forest_zigzag_1,
          infiniplex_forest_corner_1, minmay_small_reverse_x
D:2:      grunt_qazlal_sundering, grunt_ministairs_13, minmay_pentomino_q2
D:3:      makhleb_altar_promises_db
D:4:      elyvilon_altar_4, kennysheep_mini, nicolae_ru_path_of_blood,
          kiku_gazebo_garden_becter, serial_shops, shop_fountains,
          nicolae_dithmenos_shadow_blocks
D:5:      overflow_temple_1_default, kennysheep_mini_moat, first_ration,
          ebering_ghost_sewer_d, sword_in_stone

Skill      XL: |  1  2  3  4  5  6  7  8 |
---------------+-------------------------+-----
Transmutations | 3 4 5 6 7 |  7.1
Unarmed Combat | 4 5 6 7 8 9 |  9.5
Fighting       | |  1.1
Dodging        | |  2.6
Spellcasting   | |  2.0

Action                   |  1- 3 |  4- 6 |  7- 9 || total
-------------------------+-------+-------+-------++-------
Melee: Unarmed           |    92 |   122 |   111 ||   325
       Headbutt          |     9 |    20 |    16 ||    45
       Punch             |     1 |     4 |     3 ||     8
 Cast: Beastly Appendage |    18 |    22 |    11 ||    51
       Sticks to Snakes  |    11 |    36 |    33 ||    80
  Use: Scroll            |     5 |     6 |     3 ||    14
       Potion            |       |       |     1 ||     1
 Stab: Distracted        |     1 |     2 |     3 ||     6
       Sleeping          |     1 |     1 |       ||     2
  Eat: Chunk             |     3 |    12 |     2 ||    17
       Ration            |       |     1 |     2 ||     3
Armor: Robe              |    17 |    24 |    23 ||    64
Dodge: Dodged            |    65 |    92 |    57 ||   214

Table legend:
 A = Non-vault XP
 B = Vault XP
 C = Vault XP percentage of total XP
 D = Non-vault monster count
 E = Vault monster count
 F = Vault count percentage of total count
                 A         B        C        D         E       F
            +---------+---------+-------+---------+---------+-------
      Total |    1398 |     204 |  12.7 |      91 |       8 |   8.1
            +---------+---------+-------+---------+---------+-------
        D:1 |      25 |       8 |  24.2 |      14 |       4 |  22.2
        D:2 |      61 |       3 |   4.7 |      19 |       2 |   9.5
        D:3 |     293 |       0 |   0.0 |      25 |       0 |   0.0
        D:4 |     604 |       0 |   0.0 |      17 |       0 |   0.0
        D:5 |     415 |     193 |  31.7 |      16 |       2 |  11.1
            +---------+---------+-------+---------+---------+-------
